 Dungeon Crawl Stone Soup version 0.31-a0-590-g8a5a4361df (webtiles) character file.

Game seed: 18067366493304171881

128 thirtiethelement the Trooper (level 4, -10/35 HPs)
             Began as a Demonspawn Cinder Acolyte on Aug 20, 2023.
             Was a High Priest of Ignis.
             Killed by divine providence
             ... invoked by an orc priest
              (17 damage)
             ... on level 3 of the Dungeon.
             The game lasted 00:07:22 (2409 turns).

thirtiethelement the Trooper (DsCA)                 Turns: 2409, Time: 00:07:22

Health: -10/35     AC:  5    Str: 14    XL:     4   Next: 86%
Magic:  4/7        EV: 11    Int: 17    God:    Ignis [*****.]
Gold:   152        SH:  0    Dex:  9    Spells: 4/7 levels left

rFire   + . .        r - +4 whip of Eternal Vigilance {elec, rN+}
rCold   . . .        (no shield)
rNeg    + . .        g - +0 leather armour
rPois   .            (no helmet)
rElec   .            m - +0 cloak
rCorr   .            (no gloves)
SInv    .            j - +0 pair of boots
Will    .....        (no amulet)
Stlth   +            f - ring of flight
HPRegen 0.25/turn    (no ring)
MPRegen 0.10/turn

%: no passive effects
@: flying
A: sturdy frame 1, demonic touch 1
a: Renounce Religion, Fiery Armour, Foxfire Swarm, Rising Flame


You were on level 3 of the Dungeon.
You worshipped Ignis.
Ignis was extremely pleased with you.
You visited 1 branch of the dungeon, and saw 3 of its levels.

You collected 152 gold pieces.

Inventory:

Hand Weapons
 a - a -1 falchion of flaming
 r - the +4 whip of Eternal Vigilance (weapon) {elec, rN+}
   (You found it on level 3 of the Dungeon)

   rN+:       It protects you from negative energy.
Armour
 g - a +0 leather armour (worn)
 j - a +0 pair of boots (worn)
 m - a +0 cloak (worn)
Jewellery
 f - a ring of flight (left hand)
Wands
 s - a wand of charming (8)
Scrolls
 b - 5 scrolls of identify {unknown}
 c - a scroll of noise {unknown}
 e - 2 scrolls of enchant armour {unknown}
 h - a scroll of revelation {unknown}
 i - a scroll of immolation {unknown}
 l - a scroll of vulnerability {unknown}
 n - a scroll of fear {unknown}
 u - a scroll of summoning {unknown}
Potions
 d - 2 potions of curing
 k - a potion of attraction {unknown}
 o - a potion of invisibility {unknown}
 p - a potion of brilliance {unknown}
 t - a potion of enlightenment {unknown}
 v - a potion of lignification {unknown}


   Skills:
 + Level 3.5 Fighting
 + Level 3.1 Long Blades
 + Level 0.1 Throwing
 + Level 0.7 Armour
 + Level 0.3 Dodging
 + Level 0.1 Stealth
 + Level 2.0 Spellcasting
 + Level 1.1 Conjurations
 + Level 3.2 Fire Magic
 + Level 1.1 Air Magic


You had 4 spell levels left.
You knew the following spells:

 Your Spells              Type           Power      Damage    Failure   Level
a - Scorch                Fire           24%        2d6       9%          2
b - Shock                 Conj/Air       20%        1d4       13%         1

Your spell library contained the following spells:

 Spells                   Type           Power      Damage    Failure   Level
 Cigotuvi's Dreadful Rot  Necr/Pois/Air  6%         N/A       26%         2
 Ignite Poison            Fire/Tmut/Pois 5%         N/A       36%         3
 Swiftness                Air            5%         N/A       36%         3
 Airstrike                Air            2%         2d(1-17)  77%         4
 Animate Dead             Necr           1%         N/A       89%         4
 Dispel Undead            Necr           1%         3d6       89%         4
 Borgnjor's Vile Clutch   Necr/Erth      0%         N/A       99%         5
 Freezing Cloud           Conj/Ice/Air   2%         6-21      99%         5
 Death Channel            Necr           0%         N/A       100%        6


Dungeon Overview and Level Annotations

Branches:
Dungeon (3/15)

Altars:

Shops:
D:1 =


Innate Abilities, Weirdness & Mutations

Your movements are slightly less encumbered by armour. (ER -2)
Your touch may inflict minor irresistible damage on your foes.


Message History

Casting: Shock (safe; 13% risk of failure)
Confirm with . or Enter, or press ? or * to list all spells.
Aiming: Shock (safe; 13% risk of failure)
Press: ? - help, Shift-Dir - straight line, f/p - orc
Aim: an orc, wielding a +0 flail (lightly wounded, 64% to hit)
The zap misses the orc.
The zap hits the orc priest.
The orc priest is severely wounded.
The orc hits you but does no damage. The orc barely misses you.
Casting: Shock (safe; 13% risk of failure)
Confirm with . or Enter, or press ? or * to list all spells.
Aiming: Shock (safe; 13% risk of failure)
Press: ? - help, Shift-Dir - straight line, f/p - orc
Aim: an orc, wielding a +0 flail (lightly wounded, 64% to hit)
The zap misses the orc.
The zap hits the orc priest.
The orc priest is almost dead.
The orc priest invokes the aid of Beogh against you.
Beogh smites you! The orc hits you with a +0 club.
* * * LOW HITPOINT WARNING * * *
The orc hits you but does no damage.
Activating: Foxfire Swarm
Press: ? - help, Dir - look around, f - activate Flames leap up around you!
The orc closely misses you. The orc misses you.
The orc hits your foxfire with a +0 hand axe. x5
The orc hits you with a +0 flail.
* * * LOW HITPOINT WARNING * * *
Your foxfire dissipates!
The orc attacks as you move away! The orc hits you but does no damage.
The foxfire hits the orc.
The orc is heavily wounded.
The foxfire hits the orc.
The orc is severely wounded.
The foxfire hits the orc.
You kill the orc!
The foxfire hits the orc.
The orc is severely wounded.
The foxfire hits the orc.
You kill the orc!
The orc priest mumbles some strange prayers to Beogh against you.
Beogh smites you!
You die...

..#.#.#.# #.#.....#...#.#.#
....#.#.# #.##.##.#...#.#
#.#...#.###.##.##.# ....
#.#.#.#.##...#..#.# .. #.
#.#.#.#.##...#..#.# .###...
#.#.#...##...##.#.# .#...
#.#'#.#......##.#.# ...
#.....#.###..##§#)#####.#.#
#.............#§@voo....(.#
#.....#........§§######...#
#.....#######...§..... ...#
#............>...##### ..o#
##....######...### ...#
#...#...## #...# ...#
.....)...# #...# .oo#
.........# #...# .o.#
.........# #...#


You could see an orc priest and an orc (ally target).

Vanquished Creatures
  An orc wizard (D:3)
  Ijyb (D:3)
  2 gnolls (D:3)
  An adder (D:2)
  2 dart slugs
  4 orcs (D:3)
  5 endoplasms
  2 giant cockroaches
  2 goblins (D:1)
  4 hobgoblins
  3 jackals (D:1)
  4 kobolds
  2 quokkas
  2 ball pythons
  2 bats
  2 frilled lizards
  9 rats
48 creatures vanquished.

Vanquished Creatures (others)
  5 foxfires (D:3)
5 creatures vanquished.

Grand Total: 53 creatures vanquished

Notes
Turn   | Place    | Note
-------+----------+-------------------------------------------
     0 | D:1      | thirtiethelement the Demonspawn Cinder Acolyte began the
                  | quest for the Orb.
     0 | D:1      | Reached XP level 1. HP: 18/18 MP: 2/2
   198 | D:1      | Gained mutation: Your touch may inflict minor irresistible
                  | damage on your foes. [demonic ancestry]
   198 | D:1      | Reached XP level 2. HP: 23/24 MP: 3/3
   347 | D:1      | Learned a level 2 spell: Scorch
   348 | D:1      | Found a faded altar of an unknown god.
   462 | D:1      | Learned a level 1 spell: Shock
   522 | D:1      | Found Syg Xouj's Jewellery Shop.
   726 | D:2      | Gained mutation: Your movements are slightly less
                  | encumbered by armour. (ER -2) [demonic ancestry]
   726 | D:2      | Reached XP level 3. HP: 29/29 MP: 2/4
  1205 | D:2      | Identified the +6 dagger "Noopieho" {elec, rElec rCorr}
  1922 | D:3      | Reached XP level 4. HP: 31/35 MP: 0/6
  2033 | D:3      | Identified the +4 whip of Eternal Vigilance {elec, rN+}
  2177 | D:3      | Noticed Ijyb
  2207 | D:3      | Killed Ijyb
  2208 | D:3      | Reached skill level 1 in Conjurations
  2208 | D:3      | Reached skill level 1 in Air Magic
  2409 | D:3      | Killed from afar by an orc priest

Illustrated notes

Levels and vault maps discovered:
D:1:      minmay_arrival_hallway, layout_rooms,
          hellmonk_ecumenical_altar_crossroads, serial_shops,
          nicolae_shop_gaudy_bauble
D:2:      layout_basic
D:3:      layout_basic, uniq_ijyb

Skill      XL: |  1  2  3  4 |
---------------+-------------+-----
Fire Magic     | 3 |  3.2
Long Blades    | 3 |  3.1
Spellcasting   | 2 |  2.0
Conjurations   | 1 |  1.1
Air Magic      | 1 |  1.1
Fighting       | |  3.5
Throwing       | |  0.1
Armour         | |  0.7
Dodging        | |  0.3
Stealth        | |  0.1

Action                     |  1- 3 |  4- 6 || total
---------------------------+-------+-------++-------
  Melee: Falchion          |    65 |    13 ||    78
         Touch             |     8 |     2 ||    10
         Whip              |       |     8 ||     8
         Punch             |       |     1 ||     1
  Throw: Javelin           |     3 |     7 ||    10
   Cast: Shock             |    19 |    12 ||    31
         Scorch            |     2 |       ||     2
 Invoke: Foxfire Swarm     |       |     1 ||     1
    Use: Potion            |     1 |       ||     1
 Armour: Leather armour    |    27 |    10 ||    37
  Dodge: Dodged            |    38 |    14 ||    52

Table legend: (Time is in decaauts)
 A = Elapsed time spent in this place.
 B = Non-inter-level travel time spent in this place.
 C = Inter-level travel time spent in this place.
 D = Time resting spent in this place.
 E = Time spent auto-exploring this place.
 F = Levels seen in this place.
 G = Mean time per level.
                   A        B        C        D        E       F      G
               +--------+--------+--------+--------+--------+-----+--------+
         Total |   2425 |   2361 |     64 |     55 |   1877 |   3 |  808.3 |
       Dungeon |   2425 |   2361 |     64 |     55 |   1877 |   3 |  808.3 |
               +--------+--------+--------+--------+--------+-----+--------+

Top non-repeatable levels by time:
     D:2: 1206 daAuts
     D:1: 640 daAuts
     D:3: 578 daAuts
